AoeStats
← Raichu

Black Forest

505947417Analyzed
4v4 RM · 19d ago on Sep 11, 2026· 49m 6s· 8 players
Game mode
Random Map
Map size
Large (8 player)
Population
200
Speed
Normal
Resources
Standard
Victory
Conquest
Starting age
Dark Age
Ending age
Imperial Age
RankedLock teamsTeams togetherTeam positionsShared explorationLock speedFull tech treeHidden civsTurbo modeCheats
Victory
Defeat
🇨🇭 Franks · Switzerland
819
+6
🇹🇷 Turks · Türkiye
768
+7
🇹🇷 Khmer · Türkiye
760
+7
🇨🇱 Japanese · Chile
737
+8
588
-8
🇷🇴 Turks · Romania
573
-9
🇺🇸 Britons · United States
532
-6
🇵🇱 Persians · Poland
478
-5
guitarflyingmatt
10:57 Loom
13:16 Feudal Age
15:37 Wheelbarrow
14:45 Horse Collar
15:06 Double-Bit Axe
17:43 Gold Mining
23:24 Castle Age
23:33 Forging
23:24 Scale Mail Armor
23:51 Pikeman
25:04 Squires
26:35 Man-at-Arms
27:28 Stone Mining
29:34 Hand Cart
29:45 Fletching
31:27 Heavy Plow
32:39 Long Swordsman
33:05 Arson
41:41 Bow Saw
42:39 Yeomen
44:41 Caravan
49:39 Imperial Age
47:11 Bodkin Arrow
47:52 Ballistics
48:42 Iron Casting
Buffy the Empire Slayer
0:34 Loom
16:49 Feudal Age
18:21 Town Watch
27:01 Arson
26:37 Man-at-Arms
32:11 Castle Age
33:06 Pikeman
33:10 Long Swordsman
34:42 Gambesons
36:45 Fervor
36:40 Gold Mining
48:47 Imperial Age
DJ RaveN
1:32 Loom
16:39 Feudal Age
19:26 Town Watch
20:01 Horse Collar
20:10 Double-Bit Axe
21:54 Wheelbarrow
36:11 Castle Age
34:05 Stone Mining
34:06 Gold Mining
37:48 Town Patrol
38:05 Hand Cart
Plankton
10:58 Loom
13:52 Feudal Age
15:03 Wheelbarrow
14:09 Horse Collar
15:19 Double-Bit Axe
18:19 Gold Mining
23:08 Castle Age
23:50 Hand Cart
23:46 Bow Saw
23:37 Heavy Plow
28:30 Forging
34:18 Imperial Age
33:53 Iron Casting
33:46 Town Watch
34:41 Bloodlines
34:42 Town Patrol
35:13 Crop Rotation
35:46 Two-Man Saw
35:36 Gold Shaft Mining
35:50 Husbandry
36:18 Cavalier
38:51 Blast Furnace
38:22 Savar
40:55 Scale Barding Armor
FreddyK1990
3:24 Loom
13:18 Feudal Age
14:21 Man-at-Arms
18:28 Scale Barding Armor
28:13 Gold Mining
30:26 Castle Age
30:05 Fletching
31:18 Double-Bit Axe
31:04 Crossbowman
31:43 Bodkin Arrow
34:07 Bow Saw
34:37 Gold Shaft Mining
33:53 Stone Mining
34:56 Light Cavalry
35:35 Pikeman
41:37 Imperial Age
41:47 Cavalier
42:27 Husbandry
42:51 Chain Barding Armor
42:41 Forging
43:45 Wheelbarrow
44:04 Chivalry
44:25 Conscription
44:19 Caravan
45:22 Paladin
46:42 Hand Cart
46:21 Town Watch
46:37 Murder Holes
46:29 Arrowslits
matisnoop2000
0:45 Loom
13:07 Feudal Age
14:15 Horse Collar
23:04 Castle Age
23:15 Castle Age
21:49 Gold Mining
21:50 Stone Mining
21:48 Double-Bit Axe
22:20 Town Watch
23:12 Wheelbarrow
26:15 Gold Shaft Mining
27:17 Bow Saw
27:11 Pikeman
28:10 Fortified Wall
30:45 Sanctity
30:26 Devotion
32:00 Hand Cart
33:30 Forging
33:21 Scale Mail Armor
36:35 Imperial Age
35:07 Masonry
34:37 Treadmill Crane
35:47 Gambesons
36:02 Squires
36:48 Ballistics
36:24 Murder Holes
36:46 Yasama
37:53 Town Patrol
41:53 Chemistry
42:33 Elite Samurai
44:36 Forging
44:26 Scale Mail Armor
44:31 Scale Barding Armor
45:16 Caravan
44:42 Halberdier
46:35 Kataparuto
45:49 Man-at-Arms
46:17 Arson
47:14 Iron Casting
46:54 Chain Mail Armor
46:30 Fletching
46:40 Padded Archer Armor
47:00 Long Swordsman
48:53 Capped Ram
Raichu
7:54 Loom
13:22 Feudal Age
18:41 Castle Age
25:15 Horse Collar
25:26 Double-Bit Axe
28:50 Bow Saw
33:05 Imperial Age
33:41 Wheelbarrow
32:51 Town Watch
34:45 Hand Cart
34:58 Town Patrol
35:27 Elite Janissary
36:27 Sipahi
36:53 Artillery
37:18 Ballistics
36:48 Heated Shot
37:18 Fortified Wall
37:06 Murder Holes
37:00 Arrowslits
39:58 Heavy Camel Rider
40:50 Bloodlines
42:05 Husbandry
43:53 Scale Barding Armor
43:49 Scale Mail Armor
43:59 Forging
43:40 Fletching
43:50 Padded Archer Armor
44:40 Conscription
48:59 Chain Barding Armor
48:54 Chain Mail Armor
48:35 Bodkin Arrow
49:16 Iron Casting
48:57 Leather Archer Armor
pikkacchuu
11:53 Feudal Age
16:50 Castle Age
15:58 Double-Bit Axe
15:57 Horse Collar
22:15 Bow Saw
26:42 Wheelbarrow
27:21 Heavy Plow
27:27 Pikeman
30:23 Hand Cart
35:25 Imperial Age
35:43 Imperial Age
34:07 Tusk Swords
37:05 Elite Ballista Elephant
39:06 Chemistry
40:42 Double Crossbow
Connection lost

Rejoining the realm…

Still unreachable

The connection could not be restored.

Session expired

The server has moved on; the page needs a fresh start.